 Dungeon Crawl Stone Soup version 0.28-a0-1638-g9123634e07 (webtiles) character file.

Game seed: 14609535863828622618

74 ragingrage the Charlatan (level 4, 0/28 HPs)
             Began as a Gargoyle Artificer on Jan 25, 2022.
             Slain by a kobold (4 damage)
             ... on level 3 of the Dungeon.
             The game lasted 00:03:05 (2791 turns).

ragingrage the Charlatan (Gargoyle Artificer)       Turns: 2791, Time: 00:03:05

Health: 0/28       AC:  9    Str: 17    XL:     4   Next: 30%
Magic:  13/13      EV: 10    Int: 12    God:
Gold:   51         SH:  0    Dex: 10    Spells: 3/3 levels left

rFire   . . .      SeeInvis .   a - +0 club
rCold   . . .      Faith    .   (no shield)
rNeg    + . .      Spirit   .   l - +0 ring mail
rPois   ∞          Reflect  .   (no helmet)
rElec   +          Harm     .   (no cloak)
rCorr   .          Rampage  .   (no gloves)
Will    .....                   (no boots)
Stlth   +.........              (no amulet)
HPRegen 0.09/turn               m - ring of magical power
MPRegen 0.13/turn               (no ring)

@: no status effects
A: sickness immunity, AC +3, negative energy resistance 1, electricity
resistance, torment resistance 1, petrification resistance
a: no special abilities


You were on level 3 of the Dungeon.
You visited 1 branch of the dungeon, and saw 3 of its levels.

You collected 51 gold pieces.

Inventory:

Hand Weapons
 a - a +0 club (weapon)
 b - a +0 hunting sling
Armour
 l - a +0 ring mail (worn)
Jewellery
 m - a ring of magical power (left hand)
Wands
 c - a wand of flame (6) (quivered)
 d - a wand of charming (10)
 n - a wand of paralysis (5)
Scrolls
 f - a scroll of teleportation {unknown}
 h - a scroll of magic mapping {unknown}
 j - a scroll of identify {unknown}
Potions
 g - 3 potions of cancellation {unknown}
 i - a potion of heal wounds {unknown}
 k - a potion of flight {unknown}
 o - a potion of invisibility {unknown}
Miscellaneous
 e - a piece from Xom's chessboard (14/15)


   Skills:
 + Level 3.1 Fighting
 - Level 2.1 Armour
 - Level 0.7 Dodging
 - Level 1.1 Stealth
 + Level 3.7 Evocations


You had 3 spell levels left.
You didn't know any spells.
Your spell library was empty.

Dungeon Overview and Level Annotations

Branches:
Dungeon (3/15)

Altars:

Annotations:
D:2 Sigmund


Innate Abilities, Weirdness & Mutations

You are immune to sickness and miasma.
Your stone body is resilient. (AC +3)
You are immune to poison.
You resist negative energy. (rN+)
You are resistant to electric shocks. (rElec)
You are resistant to unholy torment.
You are immune to petrification.


Message History

You hit the frilled lizard.
You kill the frilled lizard!
The orc hits you with a +0 flail.
* * * LOW HITPOINT WARNING * * *
An adder comes into view.
The orc barely misses you.
You hit the orc.
The orc is severely wounded.
The orc misses you.
Aiming: Charm
Press: ? - help, Shift-Dir - straight line, f - adder
Aim: an adder (chance to affect: 67%)
The adder is charmed.
The orc hits you but does no damage.
You swap places.
The orc hits you but does no damage. The orc closely misses your adder.
What are your orders? t - Shout!
Orders for allies: a - Attack new target. p - Attack previous target. r - Retreat! s - Stop attacking. g - Guard the area. f - Follow me.
Anything else - Cancel.
Gang up on whom?
Press: ? - help, Dir - move target, f - orc, p - adder
Aim: an orc, wielding a +0 flail (severely wounded) Attack!
Your adder bites the orc.
The orc dies!
What are your orders? t - Shout!
Orders for allies: a - Attack new target. r - Retreat! s - Stop attacking. g - Guard the area. f - Follow me.
Anything else - Cancel.
Retreat in which direction?
Press: ? - help, Dir - move target Fall back!
A kobold comes into view. It is wielding a +0 short sword.
Found Ozocubu's Autobiography.
The kobold shouts!
The kobold hits you with a +0 short sword.
You die...

#.###########.
#.# #. #.# #.
#.# ## #####.#
#.....#
#.#####
#.#####
#@K...#
#####:#


You could see a kobold.

Vanquished Creatures
  Ijyb (D:3)
  A worm (D:3)
  A ball python (D:1)
  3 giant cockroaches (D:1)
  2 goblins (D:2)
  5 hobgoblins
  10 kobolds
  3 quokkas
  7 bats
  4 frilled lizards
  4 rats
41 creatures vanquished.

Vanquished Creatures (collateral kills)
  An orc (D:3)
  A goblin (D:1)
  A hobgoblin (D:1)
  A ball python (D:1)
4 creatures vanquished.

Vanquished Creatures (others)
  A kobold (D:1)
1 creature vanquished.

Grand Total: 46 creatures vanquished

Notes
Turn   | Place    | Note
-------+----------+-------------------------------------------
     0 | D:1      | ragingrage the Gargoyle Artificer began the quest for the
                  | Orb.
     0 | D:1      | Reached XP level 1. HP: 12/12 MP: 1/1
   239 | D:1      | Reached XP level 2. HP: 6/17 MP: 2/2
  1391 | D:1      | Reached XP level 3. HP: 22/22 MP: 3/3
  1467 | D:1      | Found a faded altar of an unknown god.
  1837 | D:2      | Noticed Sigmund
  2163 | D:3      | Noticed Ijyb
  2181 | D:3      | Paralysed by Ijyb for 4 turns
  2193 | D:3      | Paralysed by Ijyb for 2 turns
  2197 | D:3      | Paralysed by Ijyb for 6 turns
  2203 | D:3      | HP: 1/22 [Ijyb (2)]
  2204 | D:3      | Killed Ijyb
  2205 | D:3      | Reached XP level 4. HP: 1/28 MP: 4/4
  2791 | D:3      | Slain by a kobold

Illustrated notes

Levels and vault maps discovered:
D:1:      heliophobic_arrival_battle_scene, layout_loops_ring,
          ebering_ecumenical_altar_abandoned, serial_forest,
          infiniplex_forest_lined_1, infiniplex_forest_lined_4_way,
          infiniplex_forest_clump_small, infiniplex_forest_zigzag_1,
          infiniplex_forest_corner_1, infiniplex_forest_diagonal,
          infiniplex_forest_corner_1, infiniplex_forest_straight_2,
          infiniplex_forest_fountain, minivault_4
D:2:      layout_rooms, kennysheep_potato, uniq_sigmund
D:3:      layout_loops_ring, minmay_bisected, uniq_ijyb

Skill      XL: |  1  2  3 |
---------------+----------+-----
Evocations     | 3 |  3.7
Fighting       | 2 3 |  3.1
Armour         | |  2.1
Dodging        | |  0.7
Stealth        | |  1.1

Action                   |  1- 3 |  4- 6 || total
-------------------------+-------+-------++-------
Melee: Club              |   186 |    49 ||   235
       Punch             |     4 |       ||     4
 Fire: Hunting sling     |     8 |       ||     8
Evoke: Wand              |    10 |     4 ||    14
       Piece from Xom's  |     3 |       ||     3
 Stab: Sleeping          |     2 |       ||     2
Armor: Leather armour    |    68 |       ||    68
       Ring mail         |    49 |    34 ||    83
Dodge: Dodged            |   168 |    47 ||   215

Table legend: (Time is in decaauts)
 A = Elapsed time spent in this place.
 B = Non-inter-level travel time spent in this place.
 C = Inter-level travel time spent in this place.
 D = Time resting spent in this place.
 E = Time spent auto-exploring this place.
 F = Levels seen in this place.
 G = Mean time per level.
                   A        B        C        D        E       F      G
               +--------+--------+--------+--------+--------+-----+--------+
         Total |   2860 |   2810 |     50 |    959 |   1170 |   3 |  953.3 |
       Dungeon |   2860 |   2810 |     50 |    959 |   1170 |   3 |  953.3 |
               +--------+--------+--------+--------+--------+-----+--------+

Top non-repeatable levels by time:
     D:1: 1895 daAuts
     D:3: 530 daAuts
     D:2: 435 daAuts
